PIO (24 & UNDER)
COLORADO COMMANDERS @ SEATTLE RAINIERS
08/07/2028
 
TOP OF THE 1ST
Colorado Commanders batting - Pitching for Seattle Rainiers : RHP Orlando Peña
Pitching: RHP Orlando Peña
Batting: RHB Tony Barton 0-0: Foul Ball, location: 2F
0-1: SINGLE (Groundball, 6MD)
Batting: RHB Roberto Rodríguez 0-0: Called Strike
Tony Barton steals 2nd base
0-1: SINGLE (Flyball, 78M)
Tony Barton to third
Runner from 3rd tries for Home, SAFE, no throw
Batting: RHB Kyle Vélez 0-0: Fly out, F8 (Line Drive, 8LM)
Batting: RHB Félix Campos 0-0: Ball
Roberto Rodríguez steals 2nd base
1-0: Ball
2-0: Called Strike
2-1: Ball
3-1: Base on Balls
Batting: RHB Carlos Hernández 0-0: Ball
1-0: Grounds into double play, 5-4-3 (Groundball, 56)
Top of the 1st over - 1 run(s), 2 hit(s), 0 error(s), 1 left on base; Colorado 1 - Seattle 0
BOTTOM OF THE 1ST
Seattle Rainiers batting - Pitching for Colorado Commanders : RHP Sixto García
Pitching: RHP Sixto García
Batting: LHB Quinn Webb 0-0: Foul Ball, location: 2F
0-1: Ball
1-1: Called Strike
1-2: Foul Ball, location: 2F
1-2: Ball
2-2: Ground out 4-3 (Groundball, 4)
Batting: SHB Troy Holland 0-0: Fly out, F9 (Flyball, 9S)
Batting: RHB Juan Bruno 0-0: Called Strike
0-1: Fly out, F9 (Line Drive, 89M)
Bottom of the 1st over - 0 run(s), 0 hit(s), 0 error(s), 0 left on base; Colorado 1 - Seattle 0
TOP OF THE 2ND
Colorado Commanders batting - Pitching for Seattle Rainiers : RHP Orlando Peña
Batting: RHB Eliot James 0-0: Ball
1-0: Foul Ball, location: 2F
1-1: Ball
2-1: Ground out U3 (Groundball, 34)
Batting: SHB Ed Dundee 0-0: Foul Ball, location: 2F
0-1: Swinging Strike
0-2: Foul Ball, location: 2F
0-2: Ball
1-2: Ball
2-2: Ball
3-2: Base on Balls
Batting: RHB Nick Crosby 0-0: Ball
1-0: Ball
Ed Dundee steals 2nd base
2-0: SINGLE (Line Drive, 34D)
Ed Dundee to third
Runner from 3rd tries for Home, SAFE, no throw
Batting: RHB Carl O'Dell 0-0: Ball
1-0: Foul Ball, location: 2F
1-1: Ball
2-1: Foul Ball, location: 2F
2-2: Ball
3-2: Foul Ball, location: 2F
3-2: Foul Ball, location: 2F
3-2: Base on Balls
Nick Crosby to second
Batting: RHB Tony Barton 0-0: Swinging Strike
0-1: Ball
1-1: Foul Ball, location: 2F
1-2: Ball
2-2: Ball
3-2: Base on Balls
Nick Crosby to third
Carl O'Dell to second
Batting: RHB Roberto Rodríguez 0-0: Ball
1-0: Ball
2-0: Foul Ball, location: 2F
2-1: Foul Ball, location: 2F
2-2: Strikes out looking
Batting: RHB Kyle Vélez 0-0: Foul Ball, location: 2F
0-1: Fly out, F8 (Flyball, 8RM)
Top of the 2nd over - 1 run(s), 1 hit(s), 0 error(s), 3 left on base; Colorado 2 - Seattle 0
BOTTOM OF THE 2ND
Seattle Rainiers batting - Pitching for Colorado Commanders : RHP Sixto García
Batting: LHB Duane Lemay 0-0: Called Strike
0-1: Ball
1-1: Swinging Strike
1-2: Strikes out looking
Batting: RHB Roberto Casas 0-0: Called Strike
0-1: Swinging Strike
0-2: Strikes out swinging
Batting: RHB John Eaves 0-0: Called Strike
0-1: Ground out 6-3 (Groundball, 6S)
Bottom of the 2nd over - 0 run(s), 0 hit(s), 0 error(s), 0 left on base; Colorado 2 - Seattle 0
TOP OF THE 3RD
Colorado Commanders batting - Pitching for Seattle Rainiers : RHP Orlando Peña
Batting: RHB Félix Campos 0-0: Called Strike
0-1: Ball
1-1: Foul Ball, location: 2F
1-2: Ball
2-2: Ball
3-2: Base on Balls
Batting: RHB Carlos Hernández 0-0: Ball
1-0: Ball
2-0: Ball
Félix Campos steals 2nd base
3-0: Base on Balls
Batting: RHB Eliot James 0-0: Ball
Félix Campos steals 3rd base
Carlos Hernández to second
1-0: Ball
2-0: Called Strike
2-1: Ground out 6-3 (Groundball, 6)
Félix Campos scores
Batting: SHB Ed Dundee 0-0: Ball
1-0: Ball
2-0: Ball
3-0: Called Strike
3-1: SINGLE (Line Drive, 34)
Carlos Hernández to third
Runner from 3rd tries for Home, SAFE, no throw
Batting: RHB Nick Crosby 0-0: Ball
1-0: Called Strike
1-1: Swinging Strike
1-2: Ball
2-2: Strikes out swinging
Batting: RHB Carl O'Dell 0-0: Ball
Pickoff Throw to First - Error! E1
Ed Dundee to second
1-0: Ball
2-0: Fly out, F4 (Popup, 4S)
Top of the 3rd over - 2 run(s), 1 hit(s), 1 error(s), 1 left on base; Colorado 4 - Seattle 0
BOTTOM OF THE 3RD
Seattle Rainiers batting - Pitching for Colorado Commanders : RHP Sixto García
Batting: RHB Jeff Lawrence 0-0: Called Strike
0-1: Ball
1-1: Ball
2-1: Ground out 6-3 (Groundball, 6)
Batting: RHB Roberto Valentín 0-0: Ball
1-0: Called Strike
1-1: Called Strike
1-2: Strikes out swinging
Batting: SHB Dwight Hill 0-0: Foul Ball, location: 2F
0-1: Foul Ball, location: 2F
0-2: Ball
1-2: Foul Ball, location: 2F
1-2: Strikes out looking
Bottom of the 3rd over - 0 run(s), 0 hit(s), 0 error(s), 0 left on base; Colorado 4 - Seattle 0
TOP OF THE 4TH
Colorado Commanders batting - Pitching for Seattle Rainiers : RHP Orlando Peña
Batting: RHB Tony Barton 0-0: Ball
1-0: Ground out 4-3 (Groundball, 34)
Batting: RHB Roberto Rodríguez 0-0: Ball
1-0: Foul Ball, location: 2F
1-1: Ball
2-1: Ball
3-1: Foul Ball, location: 2F
3-2: Foul Ball, location: 2F
3-2: SINGLE (Flyball, 7S)
Batting: RHB Kyle Vélez 0-0: Called Strike
0-1: Fly out, F4 (Popup, 4D)
Pitching: RHP Mark Owens
Batting: RHB Félix Campos 0-0: Ball
1-0: Ball
2-0: Foul Ball, location: 2F
2-1: Ground out U3 (Groundball, 34S)
Top of the 4th over - 0 run(s), 1 hit(s), 0 error(s), 1 left on base; Colorado 4 - Seattle 0
BOTTOM OF THE 4TH
Seattle Rainiers batting - Pitching for Colorado Commanders : RHP Sixto García
Batting: LHB Quinn Webb 0-0: Ball
1-0: SINGLE (Flyball, 89S)
Batting: SHB Troy Holland 0-0: Called Strike
Quinn Webb steals 2nd base
0-1: Foul Ball, location: 2F
0-2: SINGLE (Groundball, 4D)
Quinn Webb to third
Runner from 3rd tries for Home, throw and OUT!
Troy Holland to second
Batting: RHB Juan Bruno 0-0: Called Strike
0-1: Called Strike
0-2: Ball
1-2: Ball
2-2: DOUBLE (Flyball, 8RD)
Troy Holland scores
Batting: LHB Duane Lemay 0-0: Ball
1-0: Fly out, F8 (Flyball, 8RD)
Runner from 2nd tags up, SAFE at 3rd, no throw
Batting: RHB Roberto Casas 0-0: Ball
1-0: Ball
2-0: Called Strike
2-1: Swinging Strike
2-2: Foul Ball, location: 2F
2-2: Foul Ball, location: 2F
2-2: Ball
3-2: Base on Balls
Batting: RHB John Eaves 0-0: Called Strike
0-1: Ball
1-1: Foul Ball, location: 2F
1-2: Ball
2-2: Ball
3-2: Foul Ball, location: 2F
3-2: Foul Ball, location: 2F
3-2: Base on Balls
Roberto Casas to second
Batting: RHB Jeff Lawrence 0-0: Ball
1-0: Fly out, F9 (Flyball, 9S)
Bottom of the 4th over - 1 run(s), 3 hit(s), 0 error(s), 3 left on base; Colorado 4 - Seattle 1
TOP OF THE 5TH
Colorado Commanders batting - Pitching for Seattle Rainiers : RHP Mark Owens
Batting: RHB Carlos Hernández 0-0: Foul Ball, location: 2F
0-1: Ground out 4-3 (Groundball, 4)
Batting: RHB Eliot James 0-0: Ball
1-0: SINGLE (Groundball, 4MD)
Batting: SHB Ed Dundee 0-0: Called Strike
0-1: Swinging Strike
0-2: Ball
1-2: Strikes out swinging
Batting: RHB Nick Crosby 0-0: Ball
1-0: Ball
2-0: Called Strike
2-1: Ball
3-1: Base on Balls
Eliot James to second
Batting: RHB Carl O'Dell 0-0: Fielders Choice at 2nd, 4-6 (Groundball, 4)
Top of the 5th over - 0 run(s), 1 hit(s), 0 error(s), 1 left on base; Colorado 4 - Seattle 1
BOTTOM OF THE 5TH
Seattle Rainiers batting - Pitching for Colorado Commanders : RHP Sixto García
Batting: RHB Roberto Valentín 0-0: Foul Ball, location: 2F
0-1: Foul Ball, location: 2F
0-2: Ball
1-2: Ball
2-2: Ball
3-2: Strikes out swinging
Batting: SHB Dwight Hill 0-0: Ball
1-0: Swinging Strike
1-1: Called Strike
1-2: Strikes out swinging
Batting: LHB Quinn Webb 0-0: Called Strike
0-1: Ball
1-1: Ball
2-1: Swinging Strike
2-2: Ball
3-2: Foul Ball, location: 2F
3-2: Fly out, F9 (Flyball, 9)
Bottom of the 5th over - 0 run(s), 0 hit(s), 0 error(s), 0 left on base; Colorado 4 - Seattle 1
TOP OF THE 6TH
Colorado Commanders batting - Pitching for Seattle Rainiers : RHP Mark Owens
Batting: RHB Tony Barton 0-0: Ball
1-0: Ball
2-0: Ball
3-0: Called Strike
3-1: Foul Ball, location: 2F
3-2: SINGLE (Flyball, 8RS)
Batting: RHB Roberto Rodríguez 0-0: Called Strike
Tony Barton steals 2nd base
0-1: Ground out 4-3 (Groundball, 4)
Tony Barton to third
Batting: RHB Kyle Vélez 0-0: Foul Ball, location: 2F
0-1: Foul Ball, location: 2F
0-2: Foul Ball, location: 2F
0-2: Ball
1-2: Ball
2-2: Ball
3-2: Strikes out swinging
Batting: RHB Félix Campos 0-0: Ball
1-0: Foul Ball, location: 2F
1-1: Swinging Strike
1-2: Foul Ball, location: 2F
1-2: Strikes out swinging
Top of the 6th over - 0 run(s), 1 hit(s), 0 error(s), 1 left on base; Colorado 4 - Seattle 1
BOTTOM OF THE 6TH
Seattle Rainiers batting - Pitching for Colorado Commanders : RHP Sixto García
Batting: SHB Troy Holland 0-0: Ball
1-0: Called Strike
1-1: Ball
2-1: Foul Ball, location: 2F
2-2: Strikes out looking
Batting: RHB Juan Bruno 0-0: Ball
1-0: Ball
2-0: Called Strike
2-1: Foul Ball, location: 2F
2-2: Ball
3-2: Foul Ball, location: 2F
3-2: Strikes out swinging
Batting: LHB Duane Lemay 0-0: Called Strike
0-1: Foul Ball, location: 2F
0-2: Ball
1-2: Ball
2-2: Foul Ball, location: 2F
2-2: Ball
3-2: Strikes out looking and he ARGUES THE CALL AND IS TOSSED!
Bottom of the 6th over - 0 run(s), 0 hit(s), 0 error(s), 0 left on base; Colorado 4 - Seattle 1
TOP OF THE 7TH
Colorado Commanders batting - Pitching for Seattle Rainiers : RHP Mark Owens
Pitching: RHP José Rivera
Now in RF: Richie Sawyer
Batting: RHB Carlos Hernández 0-0: Swinging Strike
0-1: Swinging Strike
0-2: Ball
1-2: Strikes out swinging
Batting: RHB Eliot James 0-0: Called Strike
0-1: Ball
1-1: Foul Ball, location: 2F
1-2: Ball
2-2: Ball
3-2: SOLO HOME RUN (Flyball, 9LD), Distance : 349 ft
Batting: SHB Ed Dundee 0-0: Ball
1-0: Ball
2-0: Ground out 6-3 (Groundball, 6)
Batting: RHB Nick Crosby 0-0: Fly out, F9 (Flyball, 9S)
Top of the 7th over - 1 run(s), 1 hit(s), 0 error(s), 0 left on base; Colorado 5 - Seattle 1
BOTTOM OF THE 7TH
Seattle Rainiers batting - Pitching for Colorado Commanders : RHP Sixto García
Pitching: RHP Domingo Cruz
Batting: RHB Roberto Casas 0-0: Ball
1-0: Called Strike
1-1: Ball
2-1: Called Strike
2-2: Foul Ball, location: 2F
2-2: Ball
3-2: Foul Ball, location: 2F
3-2: Foul Ball, location: 2F
3-2: Strikes out looking
Batting: RHB John Eaves 0-0: Ball
1-0: Ball
2-0: Ball
3-0: Base on Balls
Batting: RHB Jeff Lawrence 0-0: Ball
1-0: Ball
2-0: Called Strike
2-1: Called Strike
2-2: Foul Ball, location: 2F
2-2: Foul Ball, location: 2F
2-2: Strikes out swinging
John Eaves steals 2nd base
Batter strikes out.
Batting: RHB Roberto Valentín 0-0: Ball
1-0: Ball
2-0: Swinging Strike
2-1: Foul Ball, location: 2F
2-2: Foul Ball, location: 2F
2-2: Strikes out swinging
Bottom of the 7th over - 0 run(s), 0 hit(s), 0 error(s), 1 left on base; Colorado 5 - Seattle 1
TOP OF THE 8TH
Colorado Commanders batting - Pitching for Seattle Rainiers : RHP José Rivera
Batting: RHB Carl O'Dell 0-0: Called Strike
0-1: Ball
1-1: Foul Ball, location: 2F
1-2: Strikes out looking
Batting: RHB Tony Barton 0-0: Called Strike
0-1: Called Strike
0-2: Ball
1-2: Ball
2-2: Strikes out looking
Batting: RHB Roberto Rodríguez 0-0: Ball
1-0: Ball
2-0: SINGLE (Line Drive, 5)
Batting: RHB Kyle Vélez 0-0: Foul Ball, location: 2F
0-1: Ball
1-1: SINGLE (Line Drive, 8LS)
Roberto Rodríguez to second
Batting: RHB Félix Campos 0-0: SINGLE (Groundball, 25) (infield hit)
Roberto Rodríguez to third
Kyle Vélez to second
Batting: RHB Carlos Hernández 0-0: Called Strike
0-1: SINGLE (Groundball, 6MD)
Roberto Rodríguez scores
Kyle Vélez to third
Félix Campos to second
Runner from 3rd tries for Home, SAFE, no throw
Pitching: LHP Bartolomeo Balsamo
Batting: RHB Eliot James 0-0: Swinging Strike
0-1: Ball
1-1: Ball
2-1: Foul Ball, location: 2F
2-2: Ball
3-2: Base on Balls
Félix Campos to third
Carlos Hernández to second
Batting: SHB Ed Dundee 0-0: SINGLE (Groundball, 56D)
Félix Campos scores
Carlos Hernández to third
Eliot James to second
Runner from 3rd tries for Home, SAFE, throw made home
Eliot James to third
Ed Dundee to second
Batting: RHB Nick Crosby 0-0: Called Strike
0-1: Foul Ball, location: 2F
0-2: Ball
1-2: Ball
2-2: Ball
3-2: Ground out 6-3 (Groundball, 6)
Top of the 8th over - 4 run(s), 5 hit(s), 0 error(s), 2 left on base; Colorado 9 - Seattle 1
BOTTOM OF THE 8TH
Seattle Rainiers batting - Pitching for Colorado Commanders : RHP Domingo Cruz
Batting: SHB Dwight Hill 0-0: Called Strike
0-1: Called Strike
0-2: Ball
1-2: Foul Ball, location: 2F
1-2: Strikes out swinging
Batting: LHB Quinn Webb 0-0: Ground out 4-3 (Groundball, 4)
Batting: SHB Troy Holland 0-0: Foul Ball, location: 2F
0-1: Ground out 4-3 (Groundball, 4)
Bottom of the 8th over - 0 run(s), 0 hit(s), 0 error(s), 0 left on base; Colorado 9 - Seattle 1
TOP OF THE 9TH
Colorado Commanders batting - Pitching for Seattle Rainiers : LHP Bartolomeo Balsamo
Pitching: LHP Vicente Mojica
Batting: RHB Carl O'Dell 0-0: Ball
1-0: Called Strike
1-1: Foul Ball, location: 2F
1-2: Strikes out swinging
Batting: RHB Tony Barton 0-0: Called Strike
0-1: Ball
1-1: Called Strike
1-2: Foul Ball, location: 2F
1-2: SOLO HOME RUN (Flyball, 7D), Distance : 382 ft
Batting: RHB Roberto Rodríguez 0-0: Ball
1-0: SINGLE (Groundball, 56S) (infield hit)
Batting: RHB Kyle Vélez 0-0: Fly out, F4 (Popup, 3D)
Batting: RHB Félix Campos 0-0: Called Strike
0-1: Swinging Strike
0-2: SINGLE (Groundball, 34D)
Roberto Rodríguez to second
Runner from 2nd tries for 3rd, SAFE, no throw
Batting: RHB Carlos Hernández 0-0: Ball
1-0: SINGLE (Flyball, 8LS)
Roberto Rodríguez scores
Félix Campos to second
Batting: RHB Eliot James 0-0: Foul Ball, location: 2F
0-1: Ball
1-1: Ball
2-1: Foul Ball, location: 2F
2-2: Ball
3-2: Foul Ball, location: 2F
3-2: Base on Balls
Félix Campos to third
Carlos Hernández to second
Batting: SHB Ed Dundee 0-0: Called Strike
0-1: Fly out, F7 (Flyball, 7LM)
Top of the 9th over - 2 run(s), 4 hit(s), 0 error(s), 3 left on base; Colorado 11 - Seattle 1
BOTTOM OF THE 9TH
Seattle Rainiers batting - Pitching for Colorado Commanders : RHP Domingo Cruz
Batting: RHB Juan Bruno 0-0: Called Strike
0-1: Foul Ball, location: 2F
0-2: Ball
1-2: Foul Ball, location: 2F
1-2: Ball
2-2: Foul Ball, location: 2F
2-2: Strikes out swinging
Batting: RHB Richie Sawyer 0-0: Ball
1-0: SINGLE (Flyball, 8LS)
Batting: RHB Roberto Casas 0-0: Called Strike
0-1: Foul Ball, location: 2F
0-2: Ball
1-2: Foul Ball, location: 2F
1-2: Strikes out swinging
Batting: RHB John Eaves 0-0: Fielders Choice at 2nd, 6-4 (Groundball, 6)
Bottom of the 9th over - 0 run(s), 1 hit(s), 0 error(s), 0 left on base; Colorado 11 - Seattle 1
Tuesday, August 8th, 2017 - OOTP Baseball 17.12 Build 75